 Dungeon Crawl Stone Soup version 0.26.1-11-gd32895ea62 (webtiles) character file.

Game seed: 7729763918710191341

645 Zeld the Cruncher (level 7, 0/45 HPs)
             Began as an Octopode Gladiator on May 22, 2021.
             Was an Initiate of Okawaru.
             Slain by an ice beast (14 damage)
             ... on level 5 of the Dungeon.
             The game lasted 00:04:40 (6305 turns).

Zeld the Cruncher (Octopode Gladiator)              Turns: 6305, Time: 00:04:41

Health: 0/45       AC:  1    Str: 15    XL:     7   Next: 52%
Magic:  7/7        EV: 14    Int: 11    God:    Okawaru [......]
Gold:   305        SH:  0    Dex: 13    Spells: 6/6 levels left

rFire    . . .     SeeInvis .   a - +0 quarterstaff
rCold    . . .     Faith    .   (shield currently unavailable)
rNeg     . . .     Spirit   .   b - +0 hat
rPois    .         Reflect  .   (no amulet)
rElec    .         Harm     .   (no ring)
rCorr    .         Rampage  .   (no ring)
Will     .....                  (no ring)
Stlth    ++........             (no ring)
HPRegen  0.15/turn              (no ring)
MPRegen  0.10/turn              (no ring)
                                (no ring)
                                (no ring)

@: no status effects
A: almost no armour, stealthy swim, amphibious, 8 rings, constrict 8, camouflage
1, gelatinous body 1
a: Renounce Religion


You were on level 5 of the Dungeon.
You worshipped Okawaru.
Okawaru was noncommittal.
You visited 2 branches of the dungeon, and saw 7 of its levels.

You collected 305 gold pieces.

Inventory:

Hand Weapons
 a - a +0 quarterstaff (weapon)
Missiles
 c - 3 throwing nets (quivered)
 g - 38 poisoned darts
 B - 3 boomerangs
Armour
 b - a +0 hat (worn)
Jewellery
 k - an uncursed amulet of regeneration {unknown}
 w - a +6 ring of strength {unknown}
Wands
 t - a wand of acid (8)
 y - a wand of digging (4)
Scrolls
 e - 3 scrolls of identify {unknown}
 h - 2 scrolls of noise {unknown}
 i - 2 scrolls of remove curse {unknown}
 j - a scroll of immolation {unknown}
 l - a scroll of fog {unknown}
 p - 2 scrolls of enchant armour {unknown}
 r - 2 scrolls of teleportation {unknown}
 s - 2 scrolls of fear {unknown}
 x - 2 scrolls of magic mapping {unknown}
 A - a scroll of amnesia {unknown}
Potions
 d - 2 potions of curing {unknown}
 f - a potion of lignification {unknown}
 m - a potion of mutation {unknown}
 n - a potion of magic {unknown}
 o - a potion of brilliance {unknown}
 q - 2 potions of heal wounds {unknown}
 u - 2 potions of degeneration {unknown}
 v - a potion of haste {unknown}
 z - a potion of cancellation {unknown}


   Skills:
 - Level 2.0 Fighting
 * Level 8.5 Staves
 - Level 2.0 Throwing
 - Level 3.0 Dodging


You had 6 spell levels left.
You didn't know any spells.
Your spell library was empty.

Dungeon Overview and Level Annotations

Branches:
Dungeon (6/15)             Temple (1/1) D:4

Altars:
Ashenzari
Dithmenos
Elyvilon
Fedhas
Gozag
Hepliaklqana
Kikubaaqudgha
Nemelex Xobeh
Okawaru
Qazlal
Trog
Uskayaw
Vehumet
Wu Jian
Xom
Zin
The Shining One


Innate Abilities, Weirdness & Mutations

You cannot wear most types of armour.
You are very stealthy in the water. (Stealth+)
You are amphibious.
You can wear up to eight rings at the same time.
You can use your tentacles to constrict eight enemies at once.
Your skin changes colour to match your surroundings (Stealth+).
Your rubbery body absorbs attacks. (AC +1, EV +1)


Message History

The ice beast is moderately wounded.
You hit the ice beast but do no damage.
The ice beast is moderately wounded.
The ice beast hits you but does no damage.
You sock the ice beast!
The ice beast is severely wounded.
The ice beast closely misses you.
You barely miss the ice beast.
The ice beast is severely wounded.
The ice beast hits you. The ice beast freezes you!
You completely miss the ice beast.
The ice beast is severely wounded.
The ice beast hits you. The ice beast freezes you!
You are too injured to fight recklessly!
You are too injured to fight recklessly!
You are too injured to fight recklessly!
You hit the ice beast.
The ice beast is severely wounded.
The ice beast hits you. The ice beast freezes you!
You die...

################
......'........#
#@.......#
#Y.......#
#.......##
##......##
##.......#
#........#
#........# Y
#........# ...
##......##


You could see an ice beast.

Vanquished Creatures
  An ogre (D:4)
  A phantom (D:4)
  A scorpion (D:4)
  An iguana (D:5)
  3 bullfrog skeletons
  5 worker ants
  6 adders
  A shadow imp (D:5)
  3 oozes
  2 worms (D:2)
  2 dart slugs
  2 leopard geckos
  13 orcs
  A ball python (D:2)
  11 bats
  8 giant cockroaches
  8 goblins
  9 hobgoblins
  7 jackals (D:1)
  6 kobolds
  2 quokkas
  5 frilled lizards
  A jackal skeleton (D:4)
  8 rats
107 creatures vanquished.

Notes
Turn   | Place    | Note
-------+----------+-------------------------------------------
     0 | D:1      | Zeld the Octopode Gladiator began the quest for the Orb.
     0 | D:1      | Reached XP level 1. HP: 14/14 MP: 1/1
    49 | D:2      | Reached XP level 2. HP: 5/19 MP: 2/2
   372 | D:3      | Reached skill level 4 in Staves
   399 | D:2      | Reached XP level 3. HP: 5/24 MP: 3/3
  1056 | D:4      | Reached XP level 4. HP: 22/29 MP: 4/4
  1056 | D:4      | Found a staircase to the Ecumenical Temple.
  1059 | D:4      | Reached skill level 5 in Staves
  1067 | Temple   | Entered the Ecumenical Temple
  1238 | Temple   | Became a worshipper of Warmaster Okawaru
  1376 | D:5      | Entered Level 5 of the Dungeon
  1453 | D:6      | Noticed a bullfrog
  1630 | D:1      | Reached XP level 5. HP: 34/34 MP: 5/5
  2636 | D:2      | Reached skill level 6 in Staves
  3314 | D:2      | Found an opulent altar of Gozag.
  3567 | D:3      | Reached XP level 6. HP: 31/39 MP: 6/6
  4262 | D:3      | Reached skill level 7 in Staves
  5316 | D:4      | Reached XP level 7. HP: 45/45 MP: 7/7
  5802 | D:4      | Reached skill level 8 in Staves
  6305 | D:5      | Slain by an ice beast

Illustrated notes

Levels and vault maps discovered:
D:1:      tarquinn_simple_flora_water_b, layout_basic
D:2:      layout_rooms, nicolae_overflow_crystal_walls, minmay_pentomino_v4
D:3:      layout_loops_ring, grunt_ministairs_13, patterned_corridor
D:4:      layout_basic, minmay_temple_entry_statues_pillars,
          serial_corexii_hall, corexii_hall_statues_l,
          chequers_hall_statues_corner_a, chequers_hall_statues_y,
          chequers_hall_statues_wall_a
D:5:      cheibrodos_two_vegetables, layout_gridville, lemuel_round_altar,
          serial_shops, shop, chequers_serial_rivers_room_a, uniq_menkaure,
          uniq_duvessa
D:6:      layout_rooms, lemuel_doored_altar, grunt_temple_overflow_open
Temple:   eino_temple_scatter_basement

Skill      XL: |  1  2  3  4  5  6  7 |
---------------+----------------------+-----
Staves         | 4 5 6 7 8 |  8.5
Fighting       | |  2.0
Throwing       | |  2.0
Dodging        | |  3.0

Action                   |  1- 3 |  4- 6 |  7- 9 || total
-------------------------+-------+-------+-------++-------
Melee: Quarterstaff      |    39 |   163 |    47 ||   249
       Constrict         |    13 |    41 |     4 ||    58
       Tentacles         |    10 |    30 |     4 ||    44
 Stab: Sleeping          |     2 |    15 |       ||    17
Armor: Skin              |     1 |    16 |     5 ||    22
Dodge: Dodged            |    24 |   137 |    30 ||   191
